 Dungeon Crawl Stone Soup version 0.28-a0-464-g0687ed57fd (webtiles) character file.

Game seed: 4739417950770994923

67 Morbidden the Sneak (level 3, 0/29 HPs)
             Began as a Demigod Brigand on Sept 14, 2021.
             Slain by a lemure (8 damage)
             ... led by Pikel
             ... on level 3 of the Dungeon.
             The game lasted 00:03:35 (4070 turns).

Morbidden the Sneak (Demigod Brigand)               Turns: 4070, Time: 00:03:35

Health: 0/29       AC:  3    Str: 16    XL:     3   Next: 70%
Magic:  5/5        EV: 12    Int: 13    God:
Gold:   167        SH:  0    Dex: 15    Spells: 2/2 levels left

rFire   . . .      SeeInvis .   a - +2 dagger (freeze)
rCold   . . .      Faith    .   (no shield)
rNeg    . . .      Spirit   .   b - +0 robe
rPois   .          Reflect  .   (no helmet)
rElec   .          Harm     .   c - +0 cloak
rCorr   .          Rampage  .   (no gloves)
Will    .....                   (no boots)
Stlth   +++.......              (no amulet)
HPRegen 0.09/turn               (no ring)
MPRegen 0.09/turn               (no ring)

@: no status effects
A: high mp 1, forlorn
a: no special abilities


You were on level 3 of the Dungeon.
You visited 1 branch of the dungeon, and saw 4 of its levels.

You collected 167 gold pieces.

Inventory:

Hand Weapons
 a - a +2 dagger of freezing (weapon)
 f - a +0 executioner's axe
Missiles
 d - 6 poisoned darts (quivered)
 e - 2 curare-tipped darts
Armour
 b - a +0 robe (worn)
 c - a +0 cloak (worn)
Jewellery
 r - a ring of see invisible
Wands
 n - a wand of flame (16)
Scrolls
 g - a scroll of teleportation {unknown}
 i - a scroll of summoning {unknown}
 j - a scroll of acquirement {unknown}
 k - 2 scrolls of identify {unknown}
 p - a scroll of enchant armour {unknown}
Potions
 h - a potion of heal wounds {unknown}
 l - a potion of haste {unknown}
 m - a potion of flight {unknown}
 o - a potion of cancellation {unknown}
 q - a potion of lignification {unknown}


   Skills:
 * Level 2.3 Fighting
 * Level 2.3 Short Blades
 + Level 0.5 Axes
 + Level 2.0 Throwing
 + Level 1.4 Dodging
 + Level 4.2 Stealth


You had 2 spell levels left.
You didn't know any spells.
Your spell library contained the following spells:

 Spells                   Type           Power      Damage    Failure   Level
 Foxfire                  Conj/Fire      0%         2x1d4     30%         1
 Passwall                 Tmut/Erth      0%         N/A       43%         2
 Conjure Flame            Conj/Fire      0%         6-21      67%         3
 Dazzling Flash           Conj/Hex       0%         N/A       67%         3
 Inner Flame              Hex/Fire       0%         N/A       67%         3
 Swiftness                Air            0%         N/A       67%         3
 Flame Wave               Conj/Fire      0%         3d3       97%         4
 Agony                    Necr           0%         N/A       100%        5
 Silence                  Hex/Air        0%         N/A       100%        5
 Invisibility             Hex            0%         N/A       100%        6


Dungeon Overview and Level Annotations

Branches:
Dungeon (4/15)
 Temple: D:4-7

Shops:
D:1 (([(

Annotations:
D:4 Pikel


Innate Abilities, Weirdness & Mutations

Your attributes grow dramatically as you level up.
You have an increased reservoir of magic. (+10% MP)
You shall have no god before yourself.


Message History

You hit the lemure but do no damage.
The lemure is lightly wounded.
The lemure barely misses you.
You barely miss the lemure.
The lemure is lightly wounded.
The lemure hits you.
You hit the lemure. You freeze the lemure.
The lemure is lightly wounded.
The lemure hits you but does no damage.
You hit the lemure. You freeze the lemure.
The lemure is moderately wounded.
The lemure hits you but does no damage.
You closely miss the lemure.
The lemure is moderately wounded.
You hit the lemure but do no damage.
The lemure is moderately wounded.
The lemure closely misses you.
You hit the lemure but do no damage.
The lemure is moderately wounded.
The lemure hits you!
You hit the lemure but do no damage.
The lemure is moderately wounded.
The lemure hits you.
You hit the lemure. You freeze the lemure.
The lemure is heavily wounded.
The lemure barely misses you.
You hit the lemure. You freeze the lemure.
The lemure is severely wounded.
The lemure hits you.
You hit the lemure. You freeze the lemure.
The lemure is almost dead.
The lemure hits you.
* * * LOW HITPOINT WARNING * * *
You barely miss the lemure.
The lemure is almost dead.
The lemure barely misses you.
You barely miss the lemure.
The lemure is almost dead.
The lemure hits you!
You die...

.......'...##...........PPPPPPP..
.......###.##.............[......
.........#.##....................
########.#.##..........##.##.....
#.#.##...........(.....###
#.#......###############
#.########
######......################
#............5@..).........#
#.#######>..##############.# #
#.# #...####≈≈≈≈# #.#
###.#######...##≈≈≈≈≈≈# #.#
≈≈≈...........≈≈≈≈≈≈≈≈# #.#
≈≈≈≈≈≈≈####≈≈≈≈≈≈≈≈≈≈## #.####
≈≈≈≈≈≈≈≈≈≈≈≈≈≈≈≈≈≈≈≈## #.....
≈≈≈≈≈≈≈≈≈≈≈≈≈≈≈≈≈≈### #####.
#≈≈≈≈≈≈≈≈≈≈≈≈≈≈≈### #.


You could see a lemure.

Vanquished Creatures
  A worm (D:2)
  A dart slug (D:2)
  An orc (D:3)
  2 endoplasms (D:1)
  A giant cockroach (D:1)
  3 goblins (D:1)
  10 hobgoblins
  5 jackals
  5 kobolds
  2 quokkas (D:1)
  6 ball pythons
  6 bats
  A frilled lizard (D:3)
  9 rats
53 creatures vanquished.

Notes
Turn   | Place    | Note
-------+----------+-------------------------------------------
     0 | D:1      | Morbidden the Demigod Brigand began the quest for the Orb.
     0 | D:1      | Reached XP level 1. HP: 17/17 MP: 3/3
    93 | D:1      | Reached skill level 1 in Dodging
    99 | D:1      | Found Fado's Armour Shoppe.
   640 | D:1      | Reached XP level 2. HP: 19/24 MP: 4/4
   762 | D:1      | Found Toobexea's Weapon Shop.
  1146 | D:1      | Found Wooskups's Weapon Shoppe.
  1155 | D:1      | Reached skill level 4 in Stealth
  1474 | D:1      | Found Xivvom's Weapon Shoppe.
  2066 | D:2      | Reached XP level 3. HP: 18/29 MP: 5/5
  4030 | D:4      | Noticed a lemure
  4030 | D:4      | Noticed a lemure
  4032 | D:4      | Noticed a lemure
  4032 | D:4      | Noticed a lemure
  4034 | D:4      | Noticed Pikel
  4070 | D:3      | Slain by a lemure

Illustrated notes

Levels and vault maps discovered:
D:1:      dpeg_arrival_court, layout_rooms, serial_corexii_hall,
          chequers_hall_statues_corner_a, chequers_hall_statues_wall_a,
          chequers_hall_statues_corner_a, chequers_hall_statues_wall_a,
          serial_shops, nicolae_shop_trees, shop_statue, nicolae_shop_trees,
          nicolae_shop_competitors_out_of_business, serial_bayou_pond_e,
          kennysheep_flooded_box, chequers_serial_rivers_small_b, st_stairs_4,
          minmay_misc_feat_four_crosses, hex_intersection
D:2:      layout_rooms
D:3:      wander_river, layout_basic, mainiacjoe_overflow_chevrons,
          hellmonk_ecumenical_altar_arch_garden
D:4:      layout_basic, uniq_pikel, uniq_natasha

Skill      XL: |  1  2 |
---------------+-------+-----
Dodging        | 1 |  1.4
Throwing       | 2 |  2.0
Stealth        | 4 |  4.2
Short Blades   | 2 |  2.3
Fighting       | 2 |  2.3
Axes           | |  0.5

Action                   || total
-------------------------++-------
Melee: Dagger            ||   164
       Executioner's axe ||    18
Throw: Dart              ||     8
 Stab: Sleeping          ||     9
Armor: Robe              ||    40
Dodge: Dodged            ||   123

Table legend: (Time is in decaauts)
 A = Elapsed time spent in this place.
 B = Non-inter-level travel time spent in this place.
 C = Inter-level travel time spent in this place.
 D = Time resting spent in this place.
 E = Time spent auto-exploring this place.
 F = Levels seen in this place.
 G = Mean time per level.
                   A        B        C        D        E       F      G
               +--------+--------+--------+--------+--------+-----+--------+
         Total |   4094 |   4036 |     58 |   1358 |   2120 |   4 | 1023.5 |
       Dungeon |   4094 |   4036 |     58 |   1358 |   2120 |   4 | 1023.5 |
               +--------+--------+--------+--------+--------+-----+--------+

Top non-repeatable levels by time:
     D:1: 2039 daAuts
     D:3: 1150 daAuts
     D:2: 866 daAuts
     D:4: 37 daAuts
